 Dungeon Crawl Stone Soup version 0.31-a0-986-g5e6e4ef867 (webtiles) character file.

Game seed: 2862549359313801423

87 CowFu the Trooper (level 4, 0/50 HPs)
             Began as an Ogre Monk on Nov 6, 2023.
             Slain by a gnoll
             ... wielding a +0 flail
              (5 damage)
             ... on level 3 of the Dungeon.
             The game lasted 00:01:45 (2294 turns).

CowFu the Trooper (Ogre Monk)                       Turns: 2294, Time: 00:01:45

Health: 0/50       AC:  3    Str: 17    XL:     4   Next: 51%
Magic:  4/4        EV: 10    Int: 11    God:
Gold:   88         SH:  0    Dex: 11    Spells: 3/3 levels left

rFire   + . .        a - +0 mace
rCold   + . .        d - orb {light}
rNeg    . . .        b - +0 robe
rPois   .            (helmet restricted)
rElec   .            i - scarf {rC+ rF+}
rCorr   .            (gloves unavailable)
SInv    .            (boots unavailable)
Will    .....        (no amulet)
Stlth   +            (no ring)
HPRegen 0.28/turn    (no ring)
MPRegen 0.09/turn

%: no passive effects
@: glowing
A: large, unfitting armour, tough skin 1
a: no special abilities


You were on level 3 of the Dungeon.
You visited 1 branch of the dungeon, and saw 3 of its levels.

You collected 88 gold pieces.

Inventory:

Hand Weapons
 a - a +0 mace (weapon)
Armour
 b - a +0 robe (worn)
 d - an orb of light (worn)
 i - a scarf of resistance (worn)
Jewellery
 j - a ring of protection from cold
 p - a ring of flight
Scrolls
 f - 3 scrolls of fear {unknown}
 g - a scroll of teleportation {unknown}
 n - a scroll of brand weapon {unknown}
 q - a scroll of noise {unknown}
 r - a scroll of enchant armour {unknown}
Potions
 c - a potion of ambrosia
 e - a potion of haste {unknown}
 h - a potion of enlightenment {unknown}
 k - a potion of mutation {unknown}
 l - a potion of might {unknown}
 m - a potion of invisibility {unknown}
 o - a potion of magic {unknown}


   Skills:
 + Level 5.2 Fighting
 + Level 3.4 Maces & Flails
 + Level 3.4 Dodging


You had 3 spell levels left.
You didn't know any spells.
Your spell library was empty.

Dungeon Overview and Level Annotations

Branches:
Dungeon (3/15)

Altars:

Annotations:
D:3 1 runed translucent door, Runia's ghost, amateur BaHs


Innate Abilities, Weirdness & Mutations

You are too large for most types of armour.
You have tough skin. (AC +1)


Message History

There are monsters nearby!
You hit the gnoll.
The gnoll is lightly wounded.
The gnoll barely misses you.
You hit the gnoll.
The gnoll is moderately wounded.
The gnoll hits you with a +0 flail!
A frilled lizard comes into view.
The gnoll barely misses you.
You barely miss the gnoll.
The gnoll is moderately wounded.
The gnoll closely misses you.
The gnoll hits you from afar with a +0 halberd!
You hit the gnoll but do no damage.
The gnoll is moderately wounded.
The gnoll barely misses you.
The gnoll hits you from afar with a +0 halberd!
You barely miss the gnoll.
The gnoll is moderately wounded.
The gnoll hits you with a +0 flail! The gnoll barely misses you.
The gnoll hits you with a +0 flail.
* * * LOW HITPOINT WARNING * * *
You hit the gnoll but do no damage.
The gnoll is moderately wounded.
The gnoll hits you from afar with a +0 halberd.
* * * LOW HITPOINT WARNING * * *
The gnoll hits you with a +0 flail.
* * * LOW HITPOINT WARNING * * *
The gnoll barely misses you. The gnoll attacks as it pursues you!
The gnoll hits you with a +0 flail.
* * * LOW HITPOINT WARNING * * *
A gnoll comes into view. It is wielding a +0 club.
The gnoll shouts!
The gnoll attacks as it pursues you! The gnoll hits you with a +0 flail.
* * * LOW HITPOINT WARNING * * *
Runia's ghost shouts, "You will never get the ORB!"
The gnoll attacks as it pursues you! The gnoll completely misses you.
There is a stone staircase leading down here.
The gnoll barely misses you. The gnoll hits you with a +0 flail.
You die...

#. #...#.##..#.########
#.# #...#.#...#.####
#...#...#..........##
##.....#..#........##
+.....#.##..#...###...##
#####.#K##.....##⌠##...##
#gg.##....##...##...#
##..g....##..!..##...
#..@##..+W..♣..⌠#...
###.##..##..?..##...
#.##...##...##....
#.#<....##⌠##.....
#+####...###.....#
#.......#.## ##.....##.#
#####..#.# ##...#


You could see 3 gnolls and a kobold.

Vanquished Creatures
  An adder (D:2)
  4 dart slugs
  4 ball pythons
  11 endoplasms
  6 giant cockroaches
  11 hobgoblins
  8 kobolds
  A quokka (D:3)
  8 bats
  A frilled lizard (D:3)
  2 goblins
  4 rats
61 creatures vanquished.

Notes
Turn   | Place    | Note
-------+----------+-------------------------------------------
     0 | D:1      | CowFu the Ogre Monk began the quest for the Orb.
     0 | D:1      | Reached XP level 1. HP: 24/24 MP: 1/1
     3 | D:1      | Noticed an electric eel
     4 | D:1      | Noticed an electric eel
    68 | D:1      | Reached XP level 2. HP: 25/32 MP: 2/2
   432 | D:1      | Reached XP level 3. HP: 40/40 MP: 3/3
  1291 | D:2      | Reached XP level 4. HP: 49/49 MP: 4/4
  1332 | D:2      | Reached skill level 5 in Fighting
  2212 | D:3      | Found a runed translucent door.
  2212 | D:3      | Noticed Runia's ghost (amateur BaHs)
  2294 | D:3      | Slain by a gnoll

Illustrated notes

Levels and vault maps discovered:
D:1:      arrival_aquarium_b, layout_basic, minivault_19
D:2:      layout_basic
D:3:      layout_basic, marbit_many_paths, hellmonk_ghost_happy_afterlife,
          wad_woods_river_04

Skill      XL: |  1  2  3  4 |
---------------+-------------+-----
Maces & Flails | 3 |  3.4
Dodging        | 3 |  3.4
Fighting       | 5 |  5.2

Action                     |  1- 3 |  4- 6 || total
---------------------------+-------+-------++-------
  Melee: Mace              |    99 |    51 ||   150
 Armour: Robe              |    73 |    32 ||   105
  Dodge: Dodged            |    60 |    31 ||    91

Table legend: (Time is in decaauts)
 A = Elapsed time spent in this place.
 B = Non-inter-level travel time spent in this place.
 C = Inter-level travel time spent in this place.
 D = Time resting spent in this place.
 E = Time spent auto-exploring this place.
 F = Levels seen in this place.
 G = Mean time per level.
                   A        B        C        D        E       F      G
               +--------+--------+--------+--------+--------+-----+--------+
         Total |   2330 |   2250 |     80 |      0 |   1856 |   3 |  776.7 |
       Dungeon |   2330 |   2250 |     80 |      0 |   1856 |   3 |  776.7 |
               +--------+--------+--------+--------+--------+-----+--------+

Top non-repeatable levels by time:
     D:1: 1247 daAuts
     D:2: 764 daAuts
     D:3: 318 daAuts
